 Dungeon Crawl Stone Soup version 0.27.1-4-g1640c2035a (webtiles) character file.

Game seed: 4033455418087469511

23 MajorAdolf the Sneak (level 2, -1/27 HPs)
             Began as a Naga Wanderer on Nov 16, 2021.
             Slain by an adder (3 damage)
             ... on level 2 of the Dungeon.
             The game lasted 00:01:24 (1395 turns).

MajorAdolf the Sneak (Naga Wanderer)                Turns: 1395, Time: 00:01:25

Health: -1/27      AC:  2    Str: 13    XL:     2   Next: 95%
Magic:  2/2        EV:  9    Int: 12    God:
Gold:   58         SH:  0    Dex: 11    Spells: 1/1 levels left

rFire    . . .     SeeInvis +   a - +2 short sword
rCold    . . .     Faith    .   (no shield)
rNeg     . . .     Spirit   .   e - +0 robe
rPois    +         Reflect  .   (no helmet)
rElec    .         Harm     .   (no cloak)
rCorr    .         Rampage  .   j - +0 pair of gloves
Will     .....                  (no barding)
Stlth    ++........             (no amulet)
HPRegen  0.09/turn              (no ring)
MPRegen  0.08/turn              (no ring)

@: lethally poisoned (-1 -> -6), very slow
A: AC +0, large, see invisible, deformed body, poison resistance, slowness 2,
spit poison 1, naga tail 1, robust 1
a: Spit Poison


You were on level 2 of the Dungeon.
You visited 1 branch of the dungeon, and saw 2 of its levels.

You collected 58 gold pieces.

Inventory:

Hand Weapons
 a - a +2 short sword (weapon)
 b - a +0 falchion
 d - a +0 dagger
Missiles
 c - 9 poisoned darts (quivered)
Armour
 e - a +0 robe (worn)
 j - a +0 pair of gloves (worn)
Magical Staves
 h - a staff of air
 i - a staff of fire
Scrolls
 g - a scroll of identify {unknown}


   Skills:
 + Level 1.6 Fighting
 + Level 1.7 Short Blades
 - Level 1.7 Bows
 - Level 1.0 Throwing
 - Level 1.5 Armour
 - Level 1.0 Dodging
 + Level 2.6 Stealth
 + Level 0.2 Air Magic
 + Level 1.1 Evocations


You had one spell level left.
You didn't know any spells.
Your spell library was empty.

Dungeon Overview and Level Annotations

Branches:
Dungeon (2/15)

Altars:


Innate Abilities, Weirdness & Mutations

Your serpentine skin is tough. (AC +0)
You have supernaturally acute eyesight. (SInv)
Armour fits poorly on your strangely shaped body.
Your system is resistant to poisons. (rPois)
You cover ground very slowly.
You can spit poison.
You have a snake-like lower body.
You are robust. (+10% HP)


Message History

You start resting.
You have got your breath back.
You start resting.
HP restored.
Unknown command.
You start waiting.
Done waiting.
Okay, then.
You see here a worm corpse.
An adder comes into view.
The adder hisses angrily.
You hear a bark!
A jackal comes into view.
There are monsters nearby!
There are monsters nearby!
Press: ? - help, Shift-Dir - straight line, f - adder
Aim: an adder The splash of poison misses the adder.
The adder bites you.
You barely miss the adder. The adder barely misses you.
You barely miss the adder. The adder bites you.
You are poisoned.
The adder poisons you! The adder bites you.
You closely miss the adder.
You feel sick.
A jackal comes into view.
The adder closely misses you.
You miss the adder.
You feel sick. The adder bites you.
It was a potion of mutation.
You feel extremely strange.
You feel robust.
You have got your breath back.
You feel sick. The adder barely misses you.
The jackal barks!
You hit the adder but do no damage.
You feel sick. The adder bites you.
* * * LOW HITPOINT WARNING * * *
You are lethally poisoned!
The adder poisons you! The adder closely misses you.
You aren't carrying any potions.
Okay, then.
You aren't carrying any items that you can evoke.
* * * LOW HITPOINT WARNING * * *
You feel sick. The adder bites you.
You die...

#. #.# #..# ## ##.# #...# .?
... #.... ..###.##.# ###.#
#.... ..# ...#.####.#.# .$...
#..#..#.#....#.#.# ## #....
#..#...hhS@#.#.#.#..#
#....##.....#.#..#.....#..##
#...w.#..#..#.#..#<.........
#...#.#..#..#.#†.#.#.#.#####.#
#.w #....#..#.#..#...........#
.. ##...#..#.#..#####.#######
#...##w..#..#..........###
........[#.).............#
#.#####.###..............#


You could see an adder and 2 jackals.

Vanquished Creatures
  2 worms (D:2)
  A dart slug (D:1)
  2 endoplasms (D:1)
  A giant cockroach (D:1)
  A goblin (D:1)
  A hobgoblin (D:1)
  2 kobolds (D:1)
  A bat (D:1)
  3 frilled lizards (D:1)
  2 rats
16 creatures vanquished.

Notes
Turn   | Place    | Note
-------+----------+-------------------------------------------
     0 | D:1      | MajorAdolf the Naga Wanderer began the quest for the Orb.
     0 | D:1      | MajorAdolf set off with the following items: a +2 short
                  | sword, a +0 falchion, 9 poisoned darts, a +0 dagger, a +0
                  | robe
     0 | D:1      | Reached XP level 1. HP: 18/18 MP: 1/1
   545 | D:1      | Found a faded altar of an unknown god.
   568 | D:1      | Reached skill level 2 in Stealth
   697 | D:1      | Reached XP level 2. HP: 25/25 MP: 2/2
  1393 | D:2      | Gained mutation: You are robust. (+10% HP) [potion of
                  | mutation]
  1395 | D:2      | Slain by an adder

Illustrated notes

Levels and vault maps discovered:
D:1:      co_arrival_random_square_maze, layout_basic, basic_ecumenical_altar
D:2:      minmay_chambers_of_ones, layout_basic, lemuel_old_faithful,
          uniq_natasha, uniq_sigmund

Skill      XL: |  1 |
---------------+----+-----
Stealth        | 2 |  2.6
Fighting       | |  1.6
Short Blades   | |  1.7
Bows           | |  1.7
Throwing       | |  1.0
Armour         | |  1.5
Dodging        | |  1.0
Air Magic      | |  0.2
Evocations     | |  1.1

Action                   || total
-------------------------++-------
Melee: Short sword       ||    31
 Abil: Spit Poison       ||    10
  Use: Potion            ||     1
 Stab: Sleeping          ||     3
Armor: Robe              ||     3
Dodge: Dodged            ||    13
